 Dungeon Crawl Stone Soup version 0.30.0-20-g3615ddf2f0 (webtiles) character file.

Game seed: 647793047341954533

63548 qw the Severer (level 15, -5/96 HPs)
             Began as a Gargoyle Fighter on May 29, 2023.
             Was an Elder of Okawaru.
             Slain by an orc warrior
             ... wielding a +2 scimitar of distortion
             ... led by an orc knight
              (10 damage)
             ... on level 15 of the Dungeon.
             The game lasted 00:08:59 (19446 turns).

qw the Severer (Gargoyle Fighter)                  Turns: 19446, Time: 00:09:00

Health: -5/96      AC: 42    Str: 29    XL:     15   Next: 10%
Magic:  22/22      EV: 10    Int: 10    God:    Okawaru [****..]
Gold:   816        SH:  7    Dex:  9    Spells: 14/14 levels left

rFire   + . .        Y - +1 war axe (heavy)
rCold   + . .        c - +0 buckler
rNeg    + + .        z - +0 plate armour
rPois   inf          u - +2 helmet
rElec   +            w - scarf {rC+ rF+}
rCorr   .            n - +2 pair of gloves {Str+3}
SInv    +            o - +1 pair of boots
Will    ++++.        v - amulet of the Four Winds {rN+ Will+++ Clar} Stlth
                     t - ring of see invisible
HPRegen 0.36/turn    k - +4 ring of protection
MPRegen 0.18/turn

%: clarity
@: heroic, flying
A: sickness immunity, AC +11, big wings, negative energy resistance 1,
electricity resistance, torment resistance 1, petrification resistance
a: Renounce Religion, Heroism, Finesse


You were on level 15 of the Dungeon.
You worshipped Okawaru.
Okawaru was greatly pleased with you.
You visited 3 branches of the dungeon, and saw 21 of its levels.

You collected 1273 gold pieces.
You spent 457 gold pieces at shops.


Innate Abilities, Weirdness & Mutations

You are immune to sickness and miasma.
Your stone body is resilient. (AC +11)
You are immune to poison.
Your large and strong wings let you fly.
You resist negative energy. (rN+)
You are resistant to electric shocks. (rElec)
You are resistant to unholy torment.
You are immune to petrification.


   Skills:
 - Level 12.0(17.0) Fighting
 - Level 16.0(21.0) Axes
 - Level 6.0(11.0) Throwing
 + Level 11.6(16.6) Armour
 - Level 3.3(8.3) Dodging
 - Level 8.0(13.0) Shields
 - Level 10.0 Invocations


You had 14 spell levels left.
You didn't know any spells.
Your spell library was empty.

Inventory:

Hand Weapons
 l - a +0 flail
 Y - a +1 heavy war axe (weapon)
Armour
 b - +0 acid dragon scales
 c - a +0 buckler (worn)
 m - the +3 hat of Pondering {ponderous, Will+ MP+10 Int+5}
   (You bought it in a shop on level 8 of the Dungeon)

   Int:       It affects your intelligence (+5).
   MP:        It affects your magic capacity (+10).
   Will:      It increases your willpower.
 n - a +2 pair of gloves of strength (worn)
 o - a +1 pair of boots (worn)
 u - a +2 helmet (worn)
 w - a scarf of resistance (worn)
 y - a +2 cloak of stealth
 z - a +0 plate armour (worn)
Jewellery
 h - an amulet of reflection
 k - a +4 ring of protection (right hand)
 t - a ring of see invisible (left hand)
 v - the amulet of the Four Winds (around neck) {rN+ Will+++ Clar}
   (You found it on level 3 of the Lair of Beasts)

   [amulet of nothing]

   rN:        It protects you from negative energy.
   Clar:      It protects you from confusion, rage, mesmerisation and fear.
   Will:      It greatly increases your willpower.
 C - the ring "Ekiejaah" {rPois rF+ rN+++ Int-3 Stlth+}
   (You found it on level 2 of the Dungeon)

   [ring of protection from fire]

   Int:       It affects your intelligence (-3).
   rF:        It protects you from fire.
   rPois:     It protects you from poison.
   rN:        It renders you almost immune to negative energy.
   Stlth:     It makes you more stealthy.
Scrolls
 f - 6 scrolls of identify
Potions
 a - 4 potions of attraction
 d - 4 potions of might
 g - 4 potions of haste
 j - 7 potions of curing
 p - 4 potions of lignification
 r - a potion of cancellation
 s - 3 potions of resistance
 x - 3 potions of mutation

Dungeon Overview and Level Annotations

Branches:
Dungeon (14/15)            Temple (1/1) D:5            Lair (5/5) D:10
  Swamp (0/4) Lair:3        Snake (0/4) Lair:2        Slime (0/5) Lair:5
    Orc (0/2) D:10         Vaults (0/5) D:13

Altars:
Ashenzari
Cheibriados
Dithmenos
Elyvilon
Fedhas
Gozag
Hepliaklqana
Kikubaaqudgha
Makhleb
Nemelex Xobeh
Okawaru
Qazlal
Ru
Sif Muna
Trog
Uskayaw
Vehumet
Wu Jian
Xom
Yredelemnul
Zin
The Shining One
Jiyva

Shops:
D:8 [   D:11 :

Portals:
Trove: D:11 (give +4 fire dragon scales)

Annotations:
D:5 1 runed translucent door, qw's ghost, amateur GrCA
D:6 2 runed translucent doors
Lair:3 2 transporters, qw's ghost, journeyman GrFi
Lair:5 3 runed translucent doors, qw's ghost, journeyman GrFi


Message History

19438 ||| READING 2 scrolls of teleportation.
As you read the scroll of teleportation, it crumbles to dust.
You feel strangely unstable. The ettin closely misses you. x2
The white ugly thing gores you but does no damage.
You closely miss the white ugly thing.
The white ugly thing is almost dead.
You slice the ettin!! You block the ettin's attack. The ettin misses you.
The white ugly thing barely misses you.
You hit the white ugly thing but do no damage.
The white ugly thing is almost dead.
You slash the ettin!
Your surroundings seem slightly different.
19441 ||| READING scroll of teleportation.
As you read the scroll of teleportation, it crumbles to dust.
You feel strangely unstable.
You slice the white ugly thing!!
You kill the white ugly thing!
Okawaru accepts your kill.
You slice the ettin!!
The ettin is almost dead.
The ettin hits you with a +1 heavy dire flail.
The ettin hits you but does no damage.
You barely miss the ettin.
The ettin is almost dead.
Your surroundings suddenly seem different.
An orc knight, an orc, an orc priest and 2 orc warriors come into view.
An orc warrior is wielding a +2 scimitar of distortion.
Found 13 gold pieces.
Found a shadowy altar of Dithmenos.
The orc knight shouts!
The orc warrior shouts! x2
You slice the orc warrior!!
The orc warrior is severely wounded.
You chop the orc into pieces!!!
You kill the orc!
The orc knight roars a battlecry!
The orcs go into a battle-frenzy!
The orc warrior hits you with a +2 scimitar of distortion!
Space warps horribly around you!
You die...

....#. ...#.#
......###......
....oo..#.....
##...........
.......o...###
#...........##
.##....o).##..#
.......@.##....
.........#._...
#....##..##....
.... $...##..#
##. ........##
.. ##.....### .
##..... #......
........


You could see an orc knight, 2 orc warriors and an orc priest (strong).

Vanquished Creatures
  Agnes (D:15)
  Snorg (D:12)
  A rakshasa (D:13)
  5 catoblepae
  5 hydras
  A centaur warrior (D:13)
  9 death yaks
  6 two-headed ogres
  A skyshark (Lair:4)
  3 skeletal warriors (D:14)
  A deep troll (D:15)
  A bog body (Lair:3)
  A necromancer (Lair:2)
  A deep elf pyromancer (D:13)
  3 manticores
  A salamander (shapeshifter) (D:13)
  12 ugly things
  11 elephants
  2 gargoyles
  A guardian serpent (shapeshifter) (D:15)
  Maggie (D:6)
  5 black mambas
  7 torpor snails
  15 cane toads
  An efreet (D:13)
  A kobold demonologist (D:10)
  7 komodo dragons
  2 rime drakes
  5 trolls
  A tarantella (shapeshifter) (D:13)
  A hornet (D:8)
  3 polar bears
  A hornet (shapeshifter) (D:13)
  5 blink frogs
  A jumping spider (shapeshifter) (D:13)
  44 yaks
  Eustachio (D:6)
  2 shadows
  A vampire (D:10)
  A wyvern (D:9)
  A wraith (D:13)
  A basilisk (shapeshifter) (D:14)
  3 basilisks
  A hog (shapeshifter) (D:14)
  9 vampire mosquitoes
  A steam dragon (D:8)
  3 nagas (Lair:2)
  4 acid dragons
  Duvessa (D:6)
  5 water moccasins
  2 orc warriors (D:10)
  An ice beast (D:5)
  3 black bears
  An ogre (D:6)
  8 wolves
  21 centaurs
  5 kobold brigands
  2 phantoms
  13 bullfrogs
  A gnoll sergeant (D:7)
  3 scorpions
  13 wights
  Dowan (D:6)
  3 killer bees (D:9)
  An electric eel (D:10)
  4 howler monkeys
  7 hounds
  A jelly (D:8)
  2 sleepcaps
  3 orc priests (D:7)
  A gnoll bouda (D:5)
  Jessica (D:3)
  3 iguanas
  6 orc wizards
  4 hell rats (Lair:3)
  2 polar bear simulacra (Lair:2)
  3 wolf simulacra (Lair:2)
  3 yak simulacra (Lair:2)
  13 gnolls
  7 adders
  A shadow imp (D:7)
  4 white imps
  2 ufetubi
  4 worms
  4 dart slugs
  30 orcs
  5 endoplasms
  7 giant cockroaches
  5 goblins
  6 hobgoblins
  23 kobolds
  2 quokkas
  4 ball pythons
  2 bats (D:2)
  3 frilled lizards
  4 rats
  3 river rat simulacra (Lair:2)
  A butterfly (Lair:4)
449 creatures vanquished.

Vanquished Creatures (others)
  A kobold demonologist (D:10)
1 creature vanquished.

Grand Total: 450 creatures vanquished

Notes
Turn   | Place    | Note
-------+----------+-------------------------------------------
     0 | D:1      | qw the Gargoyle Fighter began the quest for the Orb.
     0 | D:1      | Reached XP level 1. HP: 14/14 MP: 1/1
     0 | D:1      | 0 ||| qw: Version: 0.2-a-102-gaee6249
     0 | D:1      | 0 ||| qw: Game counter: 372
     0 | D:1      | 0 ||| qw: Always use a shield: true
     0 | D:1      | 0 ||| qw: God list: Okawaru
     0 | D:1      | 0 ||| qw: Allow faded altars: false
     0 | D:1      | 0 ||| qw: Do Orc after D:15 true
     0 | D:1      | 0 ||| qw: Do second Lair branch before Depths: true
     0 | D:1      | 0 ||| qw: Lair rune preference: random
     0 | D:1      | 0 ||| qw: Plans: Normal, Zot:1-4, Slime:5, God:TSO, Crypt,
                  | Tomb, Pan, Hells, Abyss, Win
     0 | D:1      | 0 ||| PLANNING D:1-11
    32 | D:1      | 32 ||| Stepping ~*~*~tactically~*~*~ (stealth).
    56 | D:1      | Reached skill level 2 in Axes
    62 | D:1      | 62 ||| Stepping ~*~*~tactically~*~*~ (stealth).
    65 | D:1      | 65 ||| Stepping ~*~*~tactically~*~*~ (stealth).
    98 | D:1      | Reached XP level 2. HP: 19/19 MP: 2/2
   480 | D:1      | 480 ||| READING 2 scrolls labelled OVAWEI XYGHU.
   481 | D:1      | 481 ||| READING scroll of brand weapon.
   481 | D:1      | 481 ||| BRANDING +0 war axe of venom.
   482 | D:1      | 482 ||| READING scroll labelled YFYBECROPN.
   493 | D:1      | 493 ||| READING scroll labelled BIDDEC DYJUDU.
   494 | D:1      | 494 ||| READING scroll labelled RAFFAG GOPS.
   495 | D:1      | 495 ||| READING scroll labelled GIRORR FOAKI.
   496 | D:1      | 496 ||| READING scroll labelled BUARAR HOSYT.
   497 | D:1      | 497 ||| READING scroll labelled LITOAMI JUSME.
   521 | D:2      | 521 ||| DROPPING +0 club.
   556 | D:2      | Reached skill level 3 in Axes
   601 | D:2      | Reached XP level 3. HP: 20/23 MP: 3/3
   633 | D:2      | 633 ||| Stepping ~*~*~tactically~*~*~ (hiding).
   636 | D:2      | 636 ||| Stepping ~*~*~tactically~*~*~ (stealth).
   760 | D:2      | Identified the ring "Ekiejaah" {rPois rF+ rN+++ Int-3
                  | Stlth+}
   791 | D:2      | 791 ||| Stepping ~*~*~tactically~*~*~ (stealth).
   805 | D:2      | Reached XP level 4. HP: 28/28 MP: 4/4
   908 | D:2      | Reached skill level 4 in Axes
  1017 | D:2      | Found a faded altar of an unknown god.
  1252 | D:2      | 1252 ||| UPGRADING to +0 chain mail.
  1262 | D:2      | 1262 ||| DROPPING +0 scale mail.
  1263 | D:2      | 1263 ||| UPGRADING to ring "Ekiejaah" {rPois rF+ rN+++
                  | Int-3 Stlth+}.
  1264 | D:2      | 1264 ||| UPGRADING to +4 ring of protection.
  1265 | D:2      | 1265 ||| READING scroll labelled DAEBE HUDUXUAT.
  1269 | D:2      | 1269 ||| READING 2 scrolls of identify.
  1269 | D:2      | 1269 ||| IDENTIFYING yellow potion
  1282 | D:3      | Noticed Jessica
  1287 | D:3      | Killed Jessica
  1288 | D:3      | Reached skill level 1 in Throwing
  1332 | D:3      | Reached XP level 5. HP: 28/32 MP: 5/5
  1378 | D:3      | 1378 ||| Stepping ~*~*~tactically~*~*~ (hiding).
  1386 | D:3      | 1386 ||| FLEEEEING.
  1387 | D:3      | 1387 ||| FLEEEEING.
  1403 | D:3      | 1403 ||| DROPPING +0 whip.
  1627 | D:3      | 1627 ||| Stepping ~*~*~tactically~*~*~ (hiding).
  1628 | D:3      | 1628 ||| Stepping ~*~*~tactically~*~*~ (hiding).
  1861 | D:3      | 1861 ||| UPGRADING to +0 pair of boots.
  1866 | D:3      | 1866 ||| DROPPING ring of magical power.
  1867 | D:3      | 1867 ||| READING scroll labelled GEILAWN XODWU.
  1868 | D:3      | 1868 ||| DRINKING 2 orange potions.
  1869 | D:3      | 1869 ||| READING 2 scrolls of identify.
  1869 | D:3      | 1869 ||| IDENTIFYING fizzy coppery potion
  1921 | D:4      | 1921 ||| STAIRDANCE
  2157 | D:4      | Found Izxedyx's Distillery.
  2231 | D:4      | 2231 ||| Stepping ~*~*~tactically~*~*~ (hiding).
  2489 | D:4      | Found a bloodstained altar of Trog.
  2541 | D:4      | Reached skill level 5 in Axes
  2541 | D:4      | Reached XP level 6. HP: 34/37 MP: 6/6
  2599 | D:4      | 2599 ||| Stepping ~*~*~tactically~*~*~ (stealth).
  2601 | D:4      | 2601 ||| Stepping ~*~*~tactically~*~*~ (stealth).
  2623 | D:4      | Reached skill level 6 in Axes
  2945 | D:4      | 2945 ||| UPGRADING to +0 cloak.
  2950 | D:4      | 2950 ||| UPGRADING to +0 helmet.
  2955 | D:4      | 2955 ||| READING scroll labelled ERIEHAENIL.
  2956 | D:4      | 2956 ||| READING scroll labelled WOF EMAALOMULL.
  3057 | D:4      | 3057 ||| READING scroll labelled JIHACR BAMA.
  3088 | D:5      | Entered Level 5 of the Dungeon
  3120 | D:5      | Noticed a black bear
  3125 | D:5      | Killed a black bear
  3126 | D:5      | Reached skill level 1 in Dodging
  3126 | D:5      | Reached XP level 7. HP: 43/43 MP: 7/7
  3137 | D:5      | Noticed qw's ghost (amateur GrCA)
  3141 | D:5      | Found a runed translucent door.
  3193 | D:5      | 3193 ||| Stepping ~*~*~tactically~*~*~ (hiding).
  3482 | D:5      | Reached skill level 7 in Axes
  3590 | D:5      | Reached XP level 8. HP: 48/48 MP: 8/8
  3651 | D:5      | Identified the +9 long sword of Pualatur {antimagic, Will+
                  | Str+3 Int+4 Stlth-}
  3653 | D:5      | Found a staircase to the Ecumenical Temple.
  3654 | D:5      | 3654 ||| PLANNING TEMPLE
  3654 | D:5      | 3654 ||| UPGRADING to scarf of resistance.
  3670 | Temple   | Entered the Ecumenical Temple
  3736 | Temple   | 3736 ||| PLANNING OKAWARU WORSHIP
  3969 | Temple   | Became a worshipper of Warmaster Okawaru
  3969 | Temple   | 3969 ||| PLANNING D:1-11
  4471 | D:5      | 4471 ||| READING scroll labelled HETUIT HUUNOR.
  4560 | D:6      | 4560 ||| READING scroll of enchant armour.
  4560 | D:6      | 4560 ||| ENCHANTING +0 helmet.
  4609 | D:6      | Found a blossoming altar of Fedhas.
  4613 | D:6      | Found a glowing golden altar of the Shining One.
  4613 | D:6      | Found a broken altar of Ashenzari.
  4663 | D:6      | Found a burning altar of Makhleb.
  4691 | D:6      | Found an opulent altar of Gozag.
  4788 | D:6      | 4788 ||| FLEEEEING.
  4789 | D:6      | 4789 ||| FLEEEEING.
  4790 | D:6      | 4790 ||| FLEEEEING.
  4794 | D:6      | 4794 ||| FLEEEEING.
  4798 | D:6      | 4798 ||| FLEEEEING.
  4799 | D:6      | 4799 ||| FLEEEEING.
  4800 | D:6      | 4800 ||| FLEEEEING.
  4801 | D:6      | 4801 ||| FLEEEEING.
  4802 | D:6      | 4802 ||| FLEEEEING.
  4803 | D:6      | 4803 ||| FLEEEEING.
  4804 | D:6      | 4804 ||| FLEEEEING.
  4805 | D:6      | 4805 ||| FLEEEEING.
  4806 | D:6      | 4806 ||| FLEEEEING.
  4807 | D:6      | 4807 ||| FLEEEEING.
  4809 | D:6      | 4809 ||| Stepping ~*~*~tactically~*~*~ (hiding).
  4823 | D:6      | Reached * piety under Okawaru
  4824 | D:6      | Reached skill level 8 in Axes
  4950 | D:6      | Noticed Eustachio
  4951 | D:6      | 4951 ||| INVOKING Heroism.
  4952 | D:6      | 4952 ||| Stepping ~*~*~tactically~*~*~ (stealth).
  4968 | D:6      | Reached skill level 1 in Invocations
  4969 | D:6      | 4969 ||| INVOKING Heroism.
  4983 | D:6      | Killed Eustachio
  5030 | D:6      | Reached skill level 3 in Invocations
  5083 | D:6      | 5083 ||| INVOKING Heroism.
  5093 | D:6      | Reached XP level 9. HP: 33/54 MP: 9/11
  5174 | D:6      | Noticed Dowan
  5175 | D:6      | 5175 ||| Stepping ~*~*~tactically~*~*~ (hiding).
  5177 | D:6      | 5177 ||| INVOKING Heroism.
  5177 | D:6      | Noticed Duvessa
  5186 | D:6      | Killed Duvessa
  5187 | D:6      | Reached skill level 6 in Fighting
  5188 | D:6      | Killed Dowan
  5276 | D:6      | Found a runed translucent door.
  5279 | D:6      | Found a runed translucent door.
  5346 | D:6      | 5346 ||| READING scroll of brand weapon.
  5346 | D:6      | 5346 ||| BRANDING +1 war axe of draining.
  5358 | D:6      | 5358 ||| INVOKING Heroism.
  5405 | D:6      | Noticed Maggie
  5419 | D:6      | 5419 ||| INVOKING Heroism.
  5428 | D:6      | HP: 9/55 [Maggie/bolt of fire (7)]
  5429 | D:6      | 5429 ||| READING scroll of teleportation.
  5429 | D:6      | HP: 4/55 [Maggie/+2 heavy glaive (5)]
  5430 | D:6      | 5430 ||| DRINKING 3 potions of heal wounds.
  5553 | D:6      | 5553 ||| Stepping ~*~*~tactically~*~*~ (stealth).
  5555 | D:6      | 5555 ||| Stepping ~*~*~tactically~*~*~ (hiding).
  5568 | D:6      | 5568 ||| INVOKING Heroism.
  5570 | D:6      | Killed Maggie
  5571 | D:6      | Reached skill level 9 in Axes
  5943 | D:6      | 5943 ||| DRINKING 2 purple potions.
  5944 | D:6      | 5944 ||| READING 2 scrolls of identify.
  5944 | D:6      | 5944 ||| IDENTIFYING green potion
  5945 | D:6      | 5945 ||| DROPPING potion of flight.
  5966 | D:7      | Reached ** piety under Okawaru
  5974 | D:7      | 5974 ||| DRINKING 3 potions of curing.
  5974 | D:7      | 5974 ||| (to cure confusion)
  6116 | D:7      | 6116 ||| Stepping ~*~*~tactically~*~*~ (stealth).
  6118 | D:7      | 6118 ||| Stepping ~*~*~tactically~*~*~ (stealth).
  6127 | D:7      | 6127 ||| INVOKING Heroism.
  6140 | D:7      | HP: 10/57 [orc priest/divine providence (17)]
  6141 | D:7      | 6141 ||| DRINKING 2 potions of heal wounds.
  6142 | D:7      | 6142 ||| INVOKING Heroism.
  6287 | D:7      | 6287 ||| INVOKING Heroism.
  6303 | D:7      | HP: 12/57 [orc priest/divine providence (16)]
  6304 | D:7      | 6304 ||| READING scroll of teleportation.
  6305 | D:7      | 6305 ||| DRINKING potion of heal wounds.
  6318 | D:7      | 6318 ||| INVOKING Heroism.
  6509 | D:7      | 6509 ||| Stepping ~*~*~tactically~*~*~ (hiding).
  6510 | D:7      | 6510 ||| Stepping ~*~*~tactically~*~*~ (hiding).
  6511 | D:7      | 6511 ||| Stepping ~*~*~tactically~*~*~ (hiding).
  6512 | D:7      | 6512 ||| Stepping ~*~*~tactically~*~*~ (hiding).
  6514 | D:7      | 6514 ||| Stepping ~*~*~tactically~*~*~ (hiding).
  6788 | D:7      | 6788 ||| UPGRADING to +2 pair of gloves of strength.
  6793 | D:7      | 6793 ||| DRINKING 3 black potions.
  6794 | D:7      | 6794 ||| DRINKING 3 metallic clear potions.
  6795 | D:7      | 6795 ||| READING 2 scrolls of identify.
  6795 | D:7      | 6795 ||| IDENTIFYING murky orange potion
  6796 | D:7      | 6796 ||| DROPPING 2 potions of brilliance.
  6797 | D:7      | 6797 ||| DROPPING 2 potions of degeneration.
  6807 | D:8      | 6807 ||| INVOKING Heroism.
  6818 | D:8      | Reached XP level 10. HP: 58/63 MP: 11/13
  6843 | D:8      | 6843 ||| Stepping ~*~*~tactically~*~*~ (hiding).
  6850 | D:8      | Reached skill level 10 in Axes
  6933 | D:8      | Reached skill level 6 in Armour
  6953 | D:8      | Found Cheibriados's Comfort Zone.
  6955 | D:8      | Found a snail-covered altar of Cheibriados.
  6962 | D:8      | 6962 ||| BUYING +3 hat of Pondering {ponderous, Will+ MP+10
                  | Int+5} (457 gold).
  6962 | D:8      | Bought the +3 hat of Pondering {ponderous, Will+ MP+10
                  | Int+5} for 457 gold pieces
  6962 | D:8      | Found the +3 hat of Pondering {ponderous, Will+ MP+10
                  | Int+5}
  6970 | D:8      | 6970 ||| Stepping ~*~*~tactically~*~*~ (hiding).
  7273 | D:8      | Identified the +2 quarterstaff of Eternal Vigilance {heavy,
                  | *Slow rF+++ Int+4}
  7396 | D:8      | 7396 ||| READING scroll labelled NUROTYODD DEPT.
  7397 | D:8      | 7397 ||| READING 2 scrolls of identify.
  7397 | D:8      | 7397 ||| IDENTIFYING bubbling puce potion
  7449 | D:9      | 7449 ||| INVOKING Heroism.
  7539 | D:9      | 7539 ||| INVOKING Heroism.
  7654 | D:9      | 7654 ||| Stepping ~*~*~tactically~*~*~ (hiding).
  7680 | D:9      | Noticed a gargoyle
  7697 | D:9      | Killed a gargoyle
  7698 | D:9      | Reached skill level 3 in Throwing
  7774 | D:9      | 7774 ||| Stepping ~*~*~tactically~*~*~ (hiding).
  7775 | D:9      | 7775 ||| Stepping ~*~*~tactically~*~*~ (hiding).
  7803 | D:9      | Noticed a two-headed ogre
  7804 | D:9      | 7804 ||| INVOKING Heroism.
  7819 | D:9      | Killed a two-headed ogre
  7819 | D:9      | Reached *** piety under Okawaru
  7979 | D:9      | Noticed a two-headed ogre
  7980 | D:9      | 7980 ||| INVOKING Heroism.
  7987 | D:9      | Killed a two-headed ogre
  8457 | D:9      | 8457 ||| READING scroll labelled VICWOT WYXTUA.
  8486 | D:10     | Entered Level 10 of the Dungeon
  8495 | D:10     | 8495 ||| Stepping ~*~*~tactically~*~*~ (stealth).
  8501 | D:10     | 8501 ||| INVOKING Heroism.
  8514 | D:10     | Noticed a kobold demonologist
  8517 | D:10     | Noticed a kobold demonologist
  8527 | D:10     | Reached XP level 11. HP: 53/68 MP: 14/14
  8527 | D:10     | Found a staircase to the Orcish Mines.
  8531 | D:10     | 8531 ||| INVOKING Heroism.
  8545 | D:10     | Reached skill level 11 in Axes
  8744 | D:10     | 8744 ||| INVOKING Heroism.
  8751 | D:10     | Reached skill level 9 in Fighting
  8804 | D:10     | 8804 ||| INVOKING Heroism.
  8807 | D:10     | Found a staircase to the Lair.
  9287 | D:10     | 9287 ||| PLANNING LAIR
  9287 | D:10     | 9287 ||| UPGRADING to +0 plate armour.
  9297 | D:10     | 9297 ||| DROPPING +0 chain mail.
  9298 | D:10     | 9298 ||| UPGRADING to ring of see invisible.
  9317 | Lair:1   | Entered Level 1 of the Lair of Beasts
  9343 | Lair:1   | Noticed a death yak
  9343 | Lair:1   | Noticed a death yak
  9344 | Lair:1   | 9344 ||| Stepping ~*~*~tactically~*~*~ (stealth).
  9346 | Lair:1   | 9346 ||| INVOKING Heroism.
  9346 | Lair:1   | Noticed a death yak
  9360 | Lair:1   | Killed a death yak
  9360 | Lair:1   | Received a gift from Okawaru
  9366 | Lair:1   | 9366 ||| INVOKING Heroism.
  9374 | Lair:1   | Killed a death yak
  9377 | Lair:1   | Killed a death yak
  9377 | Lair:1   | Reached **** piety under Okawaru
  9475 | Lair:1   | 9475 ||| READING scroll of brand weapon.
  9475 | Lair:1   | 9475 ||| BRANDING +1 war axe of protection.
  9494 | Lair:1   | 9494 ||| INVOKING Heroism.
  9504 | Lair:1   | Received a gift from Okawaru
  9668 | Lair:1   | 9668 ||| Stepping ~*~*~tactically~*~*~ (stealth).
  9965 | Lair:1   | 9965 ||| INVOKING Heroism.
 10202 | Lair:1   | 10202 ||| READING 2 scrolls of identify.
 10202 | Lair:1   | 10202 ||| IDENTIFYING metallic orange potion
 10249 | Lair:2   | 10249 ||| INVOKING Heroism.
 10349 | Lair:2   | 10349 ||| Stepping ~*~*~tactically~*~*~ (stealth).
 10350 | Lair:2   | 10350 ||| Stepping ~*~*~tactically~*~*~ (stealth).
 10351 | Lair:2   | 10351 ||| Stepping ~*~*~tactically~*~*~ (stealth).
 10353 | Lair:2   | 10353 ||| Stepping ~*~*~tactically~*~*~ (stealth).
 10355 | Lair:2   | 10355 ||| Stepping ~*~*~tactically~*~*~ (stealth).
 10356 | Lair:2   | 10356 ||| Stepping ~*~*~tactically~*~*~ (stealth).
 10360 | Lair:2   | Reached skill level 12 in Axes
 10364 | Lair:2   | Received a gift from Okawaru
 10365 | Lair:2   | Reached skill level 6 in Invocations
 10371 | Lair:2   | Reached XP level 12. HP: 67/76 MP: 16/16
 10376 | Lair:2   | 10376 ||| INVOKING Heroism.
 10554 | Lair:2   | Noticed an eight-headed hydra
 10555 | Lair:2   | 10555 ||| INVOKING Heroism.
 10561 | Lair:2   | 10561 ||| SWAPPING to +0 flail.
 10568 | Lair:2   | Killed an eight-headed hydra
 10569 | Lair:2   | Reached skill level 9 in Armour
 10569 | Lair:2   | 10569 ||| SWAPPING to +1 war axe of electrocution.
 10643 | Lair:2   | Found a staircase to the Snake Pit.
 10644 | Lair:2   | 10644 ||| Stepping ~*~*~tactically~*~*~ (hiding).
 10658 | Lair:2   | 10658 ||| INVOKING Heroism.
 10661 | Lair:2   | Reached skill level 6 in Shields
 10975 | Lair:2   | 10975 ||| INVOKING Heroism.
 11196 | Lair:2   | 11196 ||| READING scroll of enchant armour.
 11196 | Lair:2   | 11196 ||| ENCHANTING +1 helmet.
 11358 | Lair:2   | 11358 ||| STAIRDANCE
 11382 | Lair:1   | 11382 ||| UPGRADING to amulet of the acrobat.
 11387 | Lair:1   | 11387 ||| READING 5 scrolls of identify.
 11387 | Lair:1   | 11387 ||| IDENTIFYING bubbling emerald potion
 11388 | Lair:1   | 11388 ||| READING 4 scrolls of identify.
 11388 | Lair:1   | 11388 ||| IDENTIFYING clear potion
 11389 | Lair:1   | 11389 ||| READING 3 scrolls of identify.
 11389 | Lair:1   | 11389 ||| IDENTIFYING fuming grey potion
 11390 | Lair:1   | 11390 ||| DROPPING potion of invisibility.
 11391 | Lair:1   | 11391 ||| DROPPING potion of ambrosia.
 11620 | Lair:3   | 11620 ||| INVOKING Heroism.
 11630 | Lair:3   | Received a gift from Okawaru
 11681 | Lair:3   | Noticed a six-headed hydra
 11682 | Lair:3   | 11682 ||| INVOKING Heroism.
 11686 | Lair:3   | 11686 ||| SWAPPING to +0 flail.
 11687 | Lair:3   | Noticed qw's ghost (journeyman GrFi)
 11691 | Lair:3   | Killed a six-headed hydra
 11692 | Lair:3   | 11692 ||| SWAPPING to +1 war axe of electrocution.
 11698 | Lair:3   | 11698 ||| INVOKING Heroism.
 11801 | Lair:3   | 11801 ||| INVOKING Heroism.
 11851 | Lair:3   | 11851 ||| INVOKING Heroism.
 11967 | Lair:3   | 11967 ||| READING scroll of brand weapon.
 11967 | Lair:3   | 11967 ||| BRANDING +1 war axe of electrocution.
 12066 | Lair:3   | Found the amulet of the Four Winds {rN+ Will+++ Clar}
 12178 | Lair:3   | 12178 ||| Stepping ~*~*~tactically~*~*~ (stealth).
 12184 | Lair:3   | 12184 ||| INVOKING Heroism.
 12193 | Lair:3   | Reached skill level 9 in Invocations
 12518 | Lair:3   | Found a transporter.
 12523 | Lair:3   | Found a transporter.
 12534 | Lair:3   | 12534 ||| Stepping ~*~*~tactically~*~*~ (stealth).
 12536 | Lair:3   | 12536 ||| INVOKING Heroism.
 12538 | Lair:3   | Found a staircase to the Swamp.
 12667 | Lair:3   | 12667 ||| Stepping ~*~*~tactically~*~*~ (stealth).
 12673 | Lair:3   | 12673 ||| Stepping ~*~*~tactically~*~*~ (stealth).
 12679 | Lair:3   | 12679 ||| INVOKING Heroism.
 12690 | Lair:3   | Reached XP level 13. HP: 47/82 MP: 18/20
 13034 | Lair:3   | 13034 ||| UPGRADING to amulet of the Four Winds {rN+
                  | Will+++ Clar}.
 13044 | Lair:3   | 13044 ||| READING 2 scrolls labelled JIBLEXEIVOH.
 13045 | Lair:3   | 13045 ||| DROPPING scroll of vulnerability.
 13071 | Lair:4   | Reached ***** piety under Okawaru
 13072 | Lair:4   | 13072 ||| INVOKING Heroism.
 13072 | Lair:4   | HP: 18/82 [black mamba (3)]
 13073 | Lair:4   | 13073 ||| READING 2 scrolls of teleportation.
 13074 | Lair:4   | 13074 ||| DRINKING 2 potions of heal wounds.
 13085 | Lair:4   | Reached skill level 13 in Axes
 13117 | Lair:4   | 13117 ||| Stepping ~*~*~tactically~*~*~ (stealth).
 13120 | Lair:4   | 13120 ||| INVOKING Heroism.
 13160 | Lair:4   | 13160 ||| INVOKING Heroism.
 13300 | Lair:4   | 13300 ||| INVOKING Heroism.
 13301 | Lair:4   | 13301 ||| INVOKING Finesse.
 13307 | Lair:4   | 13307 ||| SWAPPING to +0 flail.
 13328 | Lair:4   | 13328 ||| SWAPPING to +1 heavy war axe.
 13330 | Lair:4   | Received a gift from Okawaru
 13778 | Lair:5   | Entered Level 5 of the Lair of Beasts
 13781 | Lair:5   | 13781 ||| INVOKING Heroism.
 13782 | Lair:5   | Found a staircase to the Slime Pits.
 13782 | Lair:5   | Found a viscous altar of Jiyva.
 13827 | Lair:5   | 13827 ||| READING scroll of enchant armour.
 13827 | Lair:5   | 13827 ||| ENCHANTING +0 pair of boots.
 13831 | Lair:5   | 13831 ||| INVOKING Heroism.
 13868 | Lair:5   | 13868 ||| INVOKING Heroism.
 14043 | Lair:5   | 14043 ||| INVOKING Heroism.
 14078 | Lair:5   | 14078 ||| Stepping ~*~*~tactically~*~*~ (stealth).
 14081 | Lair:5   | 14081 ||| FLEEEEING.
 14082 | Lair:5   | 14082 ||| INVOKING Heroism.
 14090 | Lair:5   | Reached skill level 14 in Axes
 14139 | Lair:5   | 14139 ||| INVOKING Heroism.
 14144 | Lair:5   | 14144 ||| SWAPPING to +0 flail.
 14157 | Lair:5   | 14157 ||| INVOKING Heroism.
 14160 | Lair:5   | 14160 ||| SWAPPING to +1 heavy war axe.
 14278 | Lair:5   | 14278 ||| Stepping ~*~*~tactically~*~*~ (stealth).
 14279 | Lair:5   | 14279 ||| Stepping ~*~*~tactically~*~*~ (stealth).
 14284 | Lair:5   | 14284 ||| Stepping ~*~*~tactically~*~*~ (hiding).
 14286 | Lair:5   | 14286 ||| Stepping ~*~*~tactically~*~*~ (hiding).
 14287 | Lair:5   | 14287 ||| Stepping ~*~*~tactically~*~*~ (hiding).
 14288 | Lair:5   | 14288 ||| Stepping ~*~*~tactically~*~*~ (hiding).
 14289 | Lair:5   | 14289 ||| INVOKING Heroism.
 14326 | Lair:5   | 14326 ||| INVOKING Heroism.
 14449 | Lair:5   | 14449 ||| INVOKING Heroism.
 14454 | Lair:5   | 14454 ||| SWAPPING to +0 flail.
 14459 | Lair:5   | 14459 ||| SWAPPING to +1 heavy war axe.
 14489 | Lair:5   | Found a runed translucent gate.
 14489 | Lair:5   | Found a runed translucent gate.
 14489 | Lair:5   | Found a runed translucent gate.
 14490 | Lair:5   | Noticed qw's ghost (journeyman GrFi)
 14505 | Lair:5   | 14505 ||| INVOKING Heroism.
 14559 | Lair:5   | 14559 ||| INVOKING Heroism.
 14687 | Lair:5   | 14687 ||| Stepping ~*~*~tactically~*~*~ (hiding).
 14688 | Lair:5   | 14688 ||| Stepping ~*~*~tactically~*~*~ (hiding).
 14689 | Lair:5   | 14689 ||| INVOKING Heroism.
 14716 | Lair:5   | 14716 ||| Stepping ~*~*~tactically~*~*~ (stealth).
 14718 | Lair:5   | 14718 ||| Stepping ~*~*~tactically~*~*~ (hiding).
 14797 | Lair:5   | 14797 ||| INVOKING Heroism.
 14807 | Lair:5   | Gained mutation: Your large and strong wings let you fly.
                  | [Gargoyle growth]
 14807 | Lair:5   | Reached XP level 14. HP: 90/90 MP: 19/21
 14815 | Lair:5   | 14815 ||| INVOKING Finesse.
 14868 | Lair:5   | 14868 ||| Stepping ~*~*~tactically~*~*~ (hiding).
 14871 | Lair:5   | 14871 ||| INVOKING Heroism.
 14887 | Lair:5   | Received a gift from Okawaru
 14889 | Lair:5   | Reached skill level 15 in Axes
 15018 | Lair:5   | 15018 ||| INVOKING Heroism.
 15025 | Lair:5   | HP: 22/90 [death yak (5)]
 15026 | Lair:5   | 15026 ||| READING scroll of teleportation.
 15026 | Lair:5   | HP: 7/90 [death yak (8)]
 15027 | Lair:5   | 15027 ||| DRINKING potion of heal wounds.
 15027 | Lair:5   | HP: 3/90 [death yak (16)]
 15047 | Lair:5   | 15047 ||| INVOKING Heroism.
 15761 | Lair:5   | 15761 ||| Stepping ~*~*~tactically~*~*~ (stealth).
 15763 | Lair:5   | 15763 ||| INVOKING Heroism.
 15906 | Lair:5   | 15906 ||| PLANNING D:1-11
 15906 | Lair:5   | 15906 ||| DROPPING amulet of the acrobat.
 16123 | D:11     | Found Jutim's Vocational Training.
 16389 | D:11     | 16389 ||| Stepping ~*~*~tactically~*~*~ (stealth).
 16390 | D:11     | 16390 ||| Stepping ~*~*~tactically~*~*~ (stealth).
 16396 | D:11     | Reached skill level 12 in Fighting
 16458 | D:11     | Found a portal to a secret trove of treasure.
 16791 | D:11     | 16791 ||| PLANNING D
 16863 | D:12     | 16863 ||| Stepping ~*~*~tactically~*~*~ (stealth).
 16866 | D:12     | 16866 ||| Stepping ~*~*~tactically~*~*~ (stealth).
 16932 | D:12     | Noticed Snorg
 16934 | D:12     | 16934 ||| INVOKING Heroism.
 16943 | D:12     | Killed Snorg
 17242 | D:12     | 17242 ||| Stepping ~*~*~tactically~*~*~ (hiding).
 17716 | D:12     | 17716 ||| READING scroll labelled TOPNUTYTRI.
 17776 | D:13     | Identified the +6 flail "Haciwnu" {distort, Dex+3}
 17778 | D:13     | 17778 ||| DROPPING +6 flail "Haciwnu" {distort, Dex+3}.
 17839 | D:13     | 17839 ||| INVOKING Heroism.
 17896 | D:13     | 17896 ||| FLEEEEING.
 17897 | D:13     | 17897 ||| FLEEEEING.
 17903 | D:13     | 17903 ||| FLEEEEING.
 17904 | D:13     | 17904 ||| FLEEEEING.
 17905 | D:13     | 17905 ||| FLEEEEING.
 17915 | D:13     | 17915 ||| STAIRDANCE
 18208 | D:13     | Received a gift from Okawaru
 18211 | D:13     | Found a gate to the Vaults.
 18260 | D:13     | 18260 ||| Stepping ~*~*~tactically~*~*~ (hiding).
 18365 | D:13     | 18365 ||| INVOKING Heroism.
 18375 | D:13     | Reached skill level 6 in Throwing
 18655 | D:13     | 18655 ||| DROPPING +0 cloak.
 18875 | D:14     | 18875 ||| INVOKING Heroism.
 18893 | D:14     | HP: 23/92 [skeletal warrior/+0 battleaxe of freezing (1)]
 18894 | D:14     | 18894 ||| READING 3 scrolls of teleportation.
 18895 | D:14     | 18895 ||| DRINKING potion of heal wounds.
 18898 | D:14     | 18898 ||| INVOKING Heroism.
 18908 | D:14     | Reached skill level 16 in Axes
 19037 | D:14     | 19037 ||| INVOKING Heroism.
 19260 | D:14     | Reached XP level 15. HP: 78/96 MP: 22/22
 19413 | D:14     | You are sucked into a shaft and drop 1 floor!
 19413 | D:15     | Entered Level 15 of the Dungeon
 19415 | D:15     | Noticed Agnes
 19416 | D:15     | 19416 ||| INVOKING Heroism.
 19425 | D:15     | Killed Agnes
 19426 | D:15     | Reached skill level 3 in Dodging
 19437 | D:15     | HP: 18/96 [ettin/+1 heavy dire flail (16)]
 19438 | D:15     | 19438 ||| READING 2 scrolls of teleportation.
 19441 | D:15     | 19441 ||| READING scroll of teleportation.
 19443 | D:15     | HP: 16/96 [ettin/+1 heavy dire flail (4)]
 19444 | D:15     | Found a shadowy altar of Dithmenos.
 19446 | D:15     | HP: 5/96 [orc warrior/+2 scimitar of distortion[an orc
                  | knight] (12)]
 19446 | D:15     | Slain by an orc warrior

Levels and vault maps discovered:
D:1:      minmay_arrival_jagged, layout_rooms, hex_tiny
D:2:      layout_loops_ring, shapermc_ecumenical_altar_mp_highgroup,
          feat_on_display
D:3:      layout_rooms, minmay_gold_behind_fungi, uniq_jessica
D:4:      layout_cave_pods, mainiacjoe_overflow_boulevard, serial_shops,
          nicolae_shop_peninsula, minmay_misc_feat_x
D:5:      layout_cave_pods, minmay_temple_entry_mini_moons,
          hellmonk_ghost_happy_afterlife, nicolae_nh_ransacked_shop
D:6:      lemuel_insect_pit, layout_basic, kennysheep_mini,
          nicolae_overflow_quartered_altars, serial_curves, eino_curves_04,
          eino_curves_01, hangedman_decor_growths, uniq_maggie, uniq_eustachio,
          uniq_duvessa
D:7:      layout_rooms
D:8:      layout_cave_pools, serial_bayou_pond_d, minmay_shop_chei,
          chequers_serial_rivers_marsh
D:9:      layout_irregular_city
D:10:     layout_roguey, erik_lair_island, david_orc_2
D:11:     layout_long_grid, enter_trove_2, nicolae_shop_vocational
D:12:     layout_irregular_city, uniq_snorg
D:13:     layout_long_grid, david_vaults_4
D:14:     layout_irregular_city, minmay_hedge_maze, minmay_stone_trees_small
D:15:     hangedman_depths_entry_civil_slaughter, layout_cave_pools,
          nicolae_dithmenos_through_a_glass_darkly, fedhas_altar_4, uniq_agnes,
          uniq_louise
Temple:   minmay_temple_bridge_d
Lair:1:   layout_regular_city, minivault_27, grunt_megastairs_1
Lair:2:   layout_chaotic_city, guppyfry_snake_entry_garden,
          eino_house_with_fridge
Lair:3:   layout_cave_pods, skrybe_swamp_entry_bodies, gammafunk_ghost_hive,
          grunt_megastairs_4, serial_bayou_shore_b
Lair:4:   layout_concentric_octagons, grunt_megastairs_3,
          infiniplex_staircase_pool, lemuel_fruit_fields
Lair:5:   evilmike_catoblepas_cave, layout_cave_pods, slime_entry_1,
          gammafunk_ghost_necromancy, pond

Skill      XL: |  1  2  3  4  5  6  7  8  9 10 11 12 13 14 15 |
---------------+----------------------------------------------+-----
Axes           | 2 3 4 5 6 7 8 9 10 12 14 16 | 16.0
Throwing       | 1 2 3 4 5 6 |  6.0
Fighting       | 4 5 7 8 9 10 11 12 | 12.0
Dodging        | 1 2 3 |  3.3
Invocations    | 3 4 6 9 10 | 10.0
Armour         | 4 5 6 8 9 10 11 | 11.6
Shields        | 4 5 6 7 8 |  8.0

Action                     |  1- 3 |  4- 6 |  7- 9 | 10-12 | 13-15 || total
---------------------------+-------+-------+-------+-------+-------++-------
  Melee: War axe           |    79 |    70 |   290 |   470 |   442 ||  1351
         Flail             |       |       |       |    12 |    38 ||    50
  Throw: Boomerang         |    24 |    11 |     9 |    21 |    26 ||    91
         Javelin           |       |    26 |    37 |    62 |    48 ||   173
 Invoke: Heroism           |       |       |    12 |    25 |    29 ||    66
         Finesse           |       |       |       |       |     2 ||     2
    Use: Scroll            |     8 |     7 |     7 |    10 |     8 ||    40
         Potion            |       |     1 |     7 |       |     3 ||    11
   Stab: Petrified         |       |       |       |       |     1 ||     1
 Armour: Scale mail        |    36 |     3 |       |       |       ||    39
         Chain mail        |       |    28 |   166 |   155 |       ||   349
         Plate armour      |       |       |       |   200 |   491 ||   691
  Dodge: Dodged            |    28 |    24 |    97 |   200 |   254 ||   603
  Block: Buckler           |     6 |    14 |    61 |   117 |   160 ||   358

Table legend:
 A = Non-vault XP
 B = Vault XP
 C = Vault XP percentage of total XP
 D = Non-vault monster count
 E = Vault monster count
 F = Vault count percentage of total count
                 A         B        C        D         E       F
            +---------+---------+-------+---------+---------+-------
      Total |   65017 |   25769 |  28.4 |     356 |      93 |  20.7
            +---------+---------+-------+---------+---------+-------
        D:1 |      27 |       0 |   0.0 |      15 |       0 |   0.0
        D:2 |      80 |       0 |   0.0 |      21 |       0 |   0.0
        D:3 |      92 |      37 |  28.7 |      15 |       1 |   6.2
        D:4 |     366 |       0 |   0.0 |      21 |       0 |   0.0
        D:5 |     521 |     112 |  17.7 |      17 |       8 |  32.0
        D:6 |    1388 |     844 |  37.8 |      19 |       4 |  17.4
        D:7 |    1055 |       0 |   0.0 |      33 |       0 |   0.0
        D:8 |    1264 |       0 |   0.0 |      19 |       0 |   0.0
        D:9 |    3092 |       0 |   0.0 |      17 |       0 |   0.0
       D:10 |    1816 |    1041 |  36.4 |      10 |      16 |  61.5
       D:11 |    3763 |       0 |   0.0 |      18 |       0 |   0.0
       D:12 |    3155 |     956 |  23.3 |      11 |       1 |   8.3
       D:13 |    4712 |    1267 |  21.2 |      15 |       4 |  21.1
       D:14 |    8888 |       0 |   0.0 |      18 |       0 |   0.0
       D:15 |    2104 |    2131 |  50.3 |       5 |       2 |  28.6
     Lair:1 |    5233 |       0 |   0.0 |      15 |       0 |   0.0
     Lair:2 |    4334 |    1351 |  23.8 |      16 |      15 |  48.4
     Lair:3 |    7528 |    2159 |  22.3 |      26 |       7 |  21.2
     Lair:4 |    4578 |    1980 |  30.2 |      18 |       4 |  18.2
     Lair:5 |   11021 |   13891 |  55.8 |      27 |      31 |  53.4
            +---------+---------+-------+---------+---------+-------
